Map: Kairos Junction LE

Players

PtitDrogo - Winner!

  • Race: Protoss Protoss
  • Spawn Location: 5:00

Neeb

  • Race: Protoss Protoss
  • Spawn Location: 11:00

Event: 2019 WCS Summer

VOD

Have the link to the VOD?

Description

Time

  • Played on: July 13, 2019, 2:45 p.m.
  • Length: 5:42

All games in this series

Show
View Real Time Build Order
Export as new Build Order

PtitDrogo Protoss - Winner!

Build Orders:  

Get SALT Encoding   

  12  0:00  Probe  
  13  0:12  Probe  
  14  0:17  Pylon  
  14  0:25  Probe  
  15  0:33  Probe  
  15  0:35  Gateway  
  15  0:41  Probe  
  16  0:47  Assimilator  
  17  0:51  Probe  
  17  0:55  Assimilator  
  18  0:59  Probe  
  19  1:07  Probe  
  19  1:08  Gateway  
  19  1:17  Probe  
  20  1:23  Cybernetics Core  
  21  1:29  Probe  
  22  1:33  Pylon  
  22  1:41  Probe  
  23  1:54  Probe, Warp Gate  
  24  2:01  Stalker, Sentry  
  28  2:09  Probe  
  28  2:11  Pylon  
  29  2:17  Pylon  
  29  2:21  Shield Battery  
  29  2:28  Stalker  
  31  2:32  Stalker  
  33  2:49  Nexus  
  35  2:58  Sentry  
  35  3:02  Sentry  
  37  3:06  Pylon  
  37  3:14  Probe  
  38  3:25  Gateway  
  38  3:31  Shield Battery  
  38  3:38  Shield Battery  
  37  3:42  Stalker x2  
  37  3:45  Probe  
  42  3:58  Probe  
  43  4:04  Sentry  
  43  4:05  Stalker  
  43  4:09  Probe  
  48  4:19  Stalker  
  48  4:20  Stalker x2  
  54  4:26  Probe x2  
  54  4:44  Stalker x2  
  47  5:00  Stalker  
  47  5:04  Probe x2  
  47  5:07  Stalker x2  
  51  5:16  Probe x2  
  51  5:19  Stalker  
  49  5:28  Stalker  
  49  5:33  Stalker  
  54  5:40  Stalker  
Show
View Real Time Build Order
Export as new Build Order

Neeb Protoss 

Build Orders: Oracle Opening 

Get SALT Encoding   

  12  0:00  Probe  
  13  0:12  Probe  
  14  0:17  Pylon  
  14  0:24  Probe  
  15  0:32  Probe  
  15  0:37  Gateway  
  15  0:40  Probe  
  16  0:45  Assimilator  
  17  0:51  Probe  
  17  0:54  Assimilator  
  18  0:59  Probe  
  19  1:07  Probe, Gateway  
  19  1:17  Probe  
  20  1:25  Cybernetics Core  
  21  1:29  Probe  
  22  1:36  Pylon  
  22  1:41  Probe  
  23  1:54  Probe  
  24  2:01  Stalker x2  
  24  2:04  Warp Gate  
  24  2:08  Probe  
  29  2:14  Pylon  
  29  2:28  Stargate  
  29  2:33  Adept  
  29  2:36  Adept  
  33  3:01  Oracle  
  33  3:09  Shield Battery  
  36  3:20  Nexus  
  36  3:22  Probe  
  37  3:32  Pylon  
  37  3:35  Probe  
  38  3:47  Probe  
  39  3:50  Oracle, Pylon  
  42  3:57  Sentry  
  42  3:58  Stalker  
  42  4:02  Probe  
  47  4:12  Shield Battery  
  47  4:21  Stalker  
  47  4:22  Stalker  
  51  4:26  Probe  
  52  4:33  Probe  
  51  4:39  Shield Battery  
  51  4:41  Pylon  
  49  4:45  Sentry x2  
  49  4:51  Probe  
  52  4:53  Probe  
  49  5:00  Probe  
  49  5:02  Probe  
  47  5:08  Stalker, Probe  
  47  5:09  Stalker  
  47  5:13  Shield Battery  
  48  5:21  Probe x2  
  42  5:32  Stalker x2  
Tags
 
Add a new tag
Caveats
  • Supply blocks, unpowered buildings, or Contaminate may cause inaccurate times.
  • Supply counts are checked every 10 seconds.